 Dungeon Crawl Stone Soup version 0.27.1-15-g792fb953b9 (webtiles) character file.

Game seed: 13432709429167803420

535 Gabide the Cudgeller (level 7, -3/62 HPs)
             Began as a Deep Dwarf Fighter on Nov 19, 2021.
             Slain by an ogre (11 damage)
             ... on level 4 of the Dungeon.
             The game lasted 00:06:47 (3796 turns).

Gabide the Cudgeller (Deep Dwarf Fighter)           Turns: 3796, Time: 00:06:47

Health: -3/62      AC:  8    Str: 21    XL:     7   Next: 4%
Magic:  6/6        EV:  8    Int: 15    God:
Gold:   85         SH: 10    Dex: 12    Spells: 6/6 levels left

rFire    + . .     SeeInvis .   a - +1 flail
rCold    . . .     Faith    .   c - +0 kite shield
rNeg     . . .     Spirit   .   b - +1 scale mail
rPois    .         Reflect  .   (no helmet)
rElec    .         Harm     .   h - scarf {shadows}
rCorr    .         Rampage  .   (no gloves)
Will     +....                  (no boots)
Stlth    ..........             (no amulet)
HPRegen  0.00/turn              l - ring of protection from fire
MPRegen  0.10/turn              n - +6 ring of intelligence

@: no status effects
A: damage resistance, heal wounds, sense surroundings 1, no regeneration
a: Heal Wounds


You were on level 4 of the Dungeon.
You visited 1 branch of the dungeon, and saw 4 of its levels.

You collected 85 gold pieces.

Inventory:

Hand Weapons
 a - a +1 flail (weapon)
Armour
 b - a +1 scale mail (worn)
 c - a +0 kite shield (worn)
 h - a scarf of shadows (worn)
Jewellery
 e - a ring of ice
 l - a ring of protection from fire (left hand)
 n - a +6 ring of intelligence (right hand)
Scrolls
 j - a scroll of blinking
 k - a scroll of teleportation
Potions
 d - a potion of cancellation {unknown}
 f - 3 potions of mutation
 g - a potion of curing {unknown}
 i - a potion of heal wounds {unknown}
 o - a potion of lignification {unknown}


   Skills:
 + Level 3.3 Fighting
 * Level 5.8 Maces & Flails
 + Level 4.6 Armour
 + Level 0.9 Dodging
 + Level 0.1 Stealth
 + Level 4.6 Shields


You had 6 spell levels left.
You didn't know any spells.
Your spell library contained the following spells:

 Spells                   Type           Power      Damage    Failure   Level
 Foxfire                  Conj/Fire      0%         2x1d4     95%         1
 Conjure Flame            Conj/Fire      0%         6-21      100%        3
 Inner Flame              Hex/Fire       0%         N/A       100%        3


Dungeon Overview and Level Annotations

Branches:
Dungeon (4/15)
 Temple: D:4-7

Altars:


Innate Abilities, Weirdness & Mutations

You are resistant to damage.
You can heal yourself by infusing magical energy.
You passively map a small area around you.
You do not regenerate.


Message History

You hit the orc but do no damage. The orc closely misses you.
The orc hits you with a +0 club. The orc closely misses you.
You block the orc's attack.
You sock the orc!
You kill the orc!
The orc hits you but does no damage. The bullfrog zombie hits you.
You barely miss the bullfrog zombie.
An ogre comes into view. It is wielding a +0 giant club.
The bullfrog zombie barely misses you. The orc barely misses you.
The ogre shouts!
You hit the bullfrog zombie.
The bullfrog zombie is lightly damaged.
You block the bullfrog zombie's attack. The orc barely misses you.
The bullfrog zombie barely misses you. You block the orc's attack.
You sock the bullfrog zombie!
The bullfrog zombie is heavily damaged.
You block the bullfrog zombie's attack. You block the orc's attack.
The bullfrog zombie hits you but does no damage.
You hit the bullfrog zombie.
The bullfrog zombie is heavily damaged.
You block the bullfrog zombie's attack. The orc hits you but does no damage.
You sock the bullfrog zombie!
The bullfrog zombie is almost destroyed.
You block the bullfrog zombie's attack. The orc completely misses you.
The orc hits you but does no damage.
You hit the ogre.
The ogre is lightly wounded.
You block the ogre's attack.
The orc hits you from afar with a +0 trident.
You hit the ogre.
The ogre is moderately wounded.
You block the orc's attack. The ogre hits you with a +0 giant club.
You sock the ogre!
The ogre is almost dead.
You block the orc's attack. The ogre hits you with a +0 giant club!
* * * LOW HITPOINT WARNING * * *
You hit the ogre.
The ogre is almost dead.
The orc closely misses you. The ogre hits you with a +0 giant club!
You die...

* #...#.. ,,,.# , ..##
#...#.# #..
#...##.....####... ...
>......#..).$...( #...
##.....#......### ... . *
,*#........o...o..#* .#..#
## #......##...#.## # ..#,
..# #...†####..## o# ,
##.##.....###...@Oo....#
....#......#..####Z#...#*
..............(##..###.#
.).............#.... ..#, *
<.................... .##
.......................#
....<..................#
...................[...# *
,
##.....................###.


You could see an ogre, an orc and a bullfrog zombie.

Vanquished Creatures
  Grinder (D:3)
  2 orc priests
  An orc wizard (D:3)
  4 iguanas
  A hound skeleton (D:2)
  4 adders
  An ufetubus (D:3)
  4 worms (D:2)
  A dart slug (D:2)
  12 orcs
  3 bats
  5 endoplasms
  3 giant cockroaches
  6 goblins
  6 hobgoblins
  2 jackals (D:3)
  A quokka (D:3)
  8 ball pythons
  3 frilled lizards
  7 kobolds
  9 rats
84 creatures vanquished.

Notes
Turn   | Place    | Note
-------+----------+-------------------------------------------
     0 | D:1      | Gabide the Deep Dwarf Fighter began the quest for the Orb.
     0 | D:1      | Reached XP level 1. HP: 20/20 MP: 1/1
   226 | D:1      | Reached XP level 2. HP: 20/27 MP: 2/2
  1292 | D:2      | Reached XP level 3. HP: 24/33 MP: 3/3
  1921 | D:2      | Reached skill level 3 in Maces & Flails
  2047 | D:2      | Reached XP level 4. HP: 39/42 MP: 4/4
  2740 | D:3      | Reached skill level 4 in Maces & Flails
  2740 | D:3      | Reached XP level 5. HP: 47/49 MP: 5/5
  3106 | D:3      | Noticed Grinder
  3107 | D:3      | Paralysed by Grinder for 4 turns
  3122 | D:3      | Paralysed by Grinder for 5 turns
  3145 | D:3      | Killed Grinder
  3146 | D:3      | Reached skill level 5 in Maces & Flails
  3146 | D:3      | Reached XP level 6. HP: 40/56 MP: 5/5
  3780 | D:4      | Reached XP level 7. HP: 29/62 MP: 6/6
  3796 | D:4      | Slain by an ogre

Illustrated notes

Levels and vault maps discovered:
D:1:      dpeg_arrival_circle_labyrinth_c, layout_basic, palyth_stone_intersect
D:2:      layout_basic, dk_vineyard_3
D:3:      layout_basic, serial_rivers, chequers_serial_rivers_micro_e,
          chequers_serial_rivers_micro_e, chequers_serial_rivers_room_b,
          chequers_serial_rivers_micro_a, chequers_serial_rivers_small_3,
          chequers_serial_rivers_small_3, uniq_grinder
D:4:      layout_cave_pools, kennysheep_orc_chapel

Skill      XL: |  1  2  3  4  5 |
---------------+----------------+-----
Fighting       | 3 |  3.3
Maces & Flails | 3 4 5 |  5.8
Shields        | 4 |  4.6
Armour         | 4 |  4.6
Dodging        | |  0.9
Stealth        | |  0.1

Action                   |  1- 3 |  4- 6 |  7- 9 || total
-------------------------+-------+-------+-------++-------
Melee: Flail             |   147 |   203 |    15 ||   365
 Abil: Heal Wounds       |     2 |     6 |       ||     8
  Use: Scroll            |     2 |     5 |       ||     7
       Potion            |       |     1 |       ||     1
 Stab: Distracted        |       |     1 |       ||     1
Armor: Scale mail        |    74 |   119 |     7 ||   200
Dodge: Dodged            |    54 |    85 |     9 ||   148
Block: Kite shield       |    75 |   136 |    16 ||   227
